 Dungeon Crawl Stone Soup version 0.30.1-11-g7821555f0a (webtiles) character file.

Game seed: 3722895220266117441

900 Funkenregen the Cleaver (level 7, -1/66 HPs)
             Began as a Minotaur Berserker on Nov 26, 2023.
             Was a Priest of Trog.
             Slain by an ogre
             ... wielding a +0 giant club
              (27 damage)
             ... on level 5 of the Dungeon.
             The game lasted 00:13:54 (8693 turns).

Funkenregen the Cleaver (Minotaur Berserker)        Turns: 8693, Time: 00:13:55

Health: -1/66      AC: 12    Str: 23    XL:     7   Next: 79%
Magic:  6/6        EV:  5    Int:  4    God:    Trog [***...]
Gold:   238        SH:  9    Dex: 10    Spells: 6/6 levels left

rFire   . . .        u - +0 war axe
rCold   . . .        k - +0 tower shield
rNeg    . . .        x - +0 chain mail
rPois   .            (helmet restricted)
rElec   .            (no cloak)
rCorr   .            p - +0 pair of gloves
SInv    .            t - +1 pair of boots
Will    ++...        (no amulet) Stlth
                     (no ring)
HPRegen 1.31/turn    (no ring)
MPRegen 0.10/turn

%: no passive effects
@: strong-willed (expiring), on berserk cooldown, regenerating (expiring),
slowed, very slow
A: horns 2, retaliatory headbutt
a: Renounce Religion, Berserk, Trog's Hand


You were on level 5 of the Dungeon.
You worshipped Trog.
Trog was most pleased with you.
You visited 1 branch of the dungeon, and saw 5 of its levels.

You collected 238 gold pieces.

Inventory:

Hand Weapons
 a - a +1 hand axe
 u - a +0 war axe (weapon)
Missiles
 e - a throwing net
 h - 11 poisoned darts (quivered)
 q - 21 stones
Armour
 b - a +0 animal skin
 c - a +0 leather armour
 k - a +0 tower shield (worn)
 n - a +0 ring mail
 p - a +0 pair of gloves (worn)
 t - a +1 pair of boots (worn)
 w - a +0 scale mail
 x - a +0 chain mail (worn)
Jewellery
 v - a ring of fire
Wands
 y - a wand of mindburst (9)
Scrolls
 g - 2 scrolls of fog
 i - 3 scrolls of amnesia
 l - 2 scrolls of identify {unknown}
 m - a scroll of poison
 o - a scroll of teleportation
 s - 2 scrolls of blinking {unknown}
 z - a scroll of enchant armour {unknown}
Potions
 d - 3 potions of heal wounds {unknown}
 f - 2 potions of might {unknown}
 j - 3 potions of curing {unknown}
 r - a potion of mutation {unknown}
 A - a potion of brilliance {unknown}


   Skills:
 + Level 7.1 Fighting
 * Level 9.5 Axes
 - Level 2.4 Armour
 - Level 2.1 Dodging


You had 6 spell levels left.
You didn't know any spells.
Your spell library was empty.

Dungeon Overview and Level Annotations

Branches:
Dungeon (5/15)
 Temple: D:4-7

Altars:
Ru


Innate Abilities, Weirdness & Mutations

You have a pair of horns on your head.
You reflexively headbutt those who attack you in melee.


Message History

You kill the gnoll!
Trog accepts your kill.
You hit the ogre. You barely miss the gnoll bouda.
You feel sick. You block the gnoll bouda's attack.
The ogre hits you with a +0 giant club!
A quokka comes into view.
The gnoll hits you from afar with a +0 spear.
You feel sick. The orc wizard casts a spell at you.
You block the puff of flame.
The gnoll bouda utters an invocation to its god.
The gnoll bouda is healed somewhat.
You feel a strong urge to attack something.
You feel sick.
Found a scroll labelled IXOROP JULURGH.
You feel your anger nearly subside.
You are no longer berserk.
You are exhausted.
You feel yourself slow down.
You feel sick.
You feel sick.
You are no longer poisoned.
The gnoll is no longer moving quickly.
The gnoll bouda barks out a call to the hunt!
The gnoll picks up the pace!
You feel the effects of Trog's Hand fading.
You closely miss the gnoll bouda.
You headbutt the gnoll bouda, but do no damage.
The gnoll bouda is heavily wounded.
You block the gnoll bouda's attack.
The gnoll bouda hits you with a +0 whip!
You slash the gnoll bouda! You headbutt the gnoll bouda.
The gnoll bouda is almost dead.
You hit the ogre.
The sentinel's mark upon you fades away.
You block the ogre's attack. The centaur barely misses you. x2
The gnoll bouda mumbles some strange prayers to its god.
The gnoll bouda is healed somewhat.
The gnoll hits you from afar with a +0 spear.
The centaur hits you.
The centaur kicks you but does no damage.
The ogre hits you with a +0 giant club!!
You die...

#...............##.#o..##
#..........######cr†...#
#..........# ###Oh)...#
#..........# ##?.g#..#.#
#...:......# #.h###..# ..
#..........###r## ##.. ..
#############.g#####....
. #...cgO.........
#....@#####...>.
...............
###.....?......
#...#######.. #... #...
####


You could see an ogre, a centaur, a gnoll bouda, a howler monkey, a gnoll
(swift) and a quokka.

Vanquished Creatures
  Sigmund (D:2)
  A black bear (D:4)
  An ice beast (D:5)
  3 orc priests
  A sleepcap (D:4)
  6 orc wizards
  Robin (D:4)
  5 adders
  7 gnolls
  An ufetubus (D:5)
  2 worms
  2 dart slugs (D:2)
  21 orcs
  5 ball pythons
  14 endoplasms
  3 giant cockroaches
  20 goblins
  10 hobgoblins
  A jackal (D:2)
  5 quokkas
  5 bats
  2 frilled lizards
  6 kobolds
  7 rats
130 creatures vanquished.

Notes
Turn   | Place    | Note
-------+----------+-------------------------------------------
     0 | D:1      | Funkenregen the Minotaur Berserker began the quest for the
                  | Orb.
     0 | D:1      | Reached XP level 1. HP: 19/19 MP: 0/0
    44 | D:1      | Reached skill level 4 in Axes
    59 | D:1      | Reached XP level 2. HP: 23/27 MP: 1/1
   948 | D:1      | Found a faded altar of an unknown god.
  1514 | D:2      | Reached XP level 3. HP: 32/33 MP: 2/2
  1519 | D:2      | Reached skill level 5 in Axes
  2110 | D:2      | Reached XP level 4. HP: 41/41 MP: 3/3
  2632 | D:2      | Reached ** piety under Trog
  2653 | D:2      | Noticed Sigmund
  2671 | D:2      | Killed Sigmund
  2672 | D:2      | Reached skill level 5 in Fighting
  2672 | D:2      | Reached skill level 6 in Axes
  2672 | D:2      | Reached XP level 5. HP: 16/48 MP: 4/4
  3416 | D:2      | Reached skill level 7 in Axes
  3416 | D:2      | Reached XP level 6. HP: 56/56 MP: 5/5
  6384 | D:4      | Reached skill level 8 in Axes
  7000 | D:4      | Reached XP level 7. HP: 42/64 MP: 6/6
  7378 | D:4      | Found a sacrificial altar of Ru.
  7583 | D:4      | Noticed Robin
  7594 | D:4      | Reached *** piety under Trog
  7610 | D:4      | Killed Robin
  8456 | D:5      | Entered Level 5 of the Dungeon
  8475 | D:5      | Reached skill level 9 in Axes
  8693 | D:5      | Slain by an ogre

Illustrated notes

Levels and vault maps discovered:
D:1:      tarquinn_simple_flora_water_a, layout_rooms,
          hellmonk_ecumenical_altar_slurped_away
D:2:      minmay_inner_zag, layout_loops_corners, grunt_decor_junction,
          serial_bayou_pond_d, uniq_sigmund
D:3:      layout_basic, grunt_ministairs_15, minmay_tree_intersection
D:4:      layout_loops_corners, mainiacjoe_overflow_tiny_flanked, uniq_robin
D:5:      layout_rooms, uniq_blork_the_orc

Skill      XL: |  1  2  3  4  5  6  7 |
---------------+----------------------+-----
Axes           | 4 5 6 7 8 9 |  9.5
Fighting       | 4 5 6 7 |  7.1
Armour         | |  2.4
Dodging        | |  2.1

Action                     |  1- 3 |  4- 6 |  7- 9 || total
---------------------------+-------+-------+-------++-------
  Melee: Hand axe          |    58 |    90 |       ||   148
         Headbutt          |     9 |    20 |    17 ||    46
         War axe           |       |    42 |   109 ||   151
 Invoke: Berserk           |       |     1 |     1 ||     2
         Trog's Hand       |       |     1 |     1 ||     2
    Use: Scroll            |     5 |     3 |       ||     8
 Armour: Leather armour    |     9 |     3 |       ||    12
         Ring mail         |       |    25 |       ||    25
         Chain mail        |       |    26 |    87 ||   113
         Scale mail        |       |     2 |       ||     2
  Dodge: Dodged            |    22 |    38 |    33 ||    93
  Block: Tower shield      |    12 |    76 |    69 ||   157
